 Dungeon Crawl Stone Soup version 0.18-a0-1293-g5a2c81a (webtiles) character file.

1766 Grap the Fighter (level 9, -7/85 HPs)
             Began as a Hill Orc Fighter on Feb 11, 2016.
             Was a Follower of Nemelex Xobeh.
             Killed from afar by a steam dragon (19 damage)
             ... with a ball of steam
             ... on level 6 of the Dungeon.
             The game lasted 00:18:52 (7317 turns).

Grap the Fighter (Hill Orc Fighter)                 Turns: 7317, Time: 00:18:52

Health: -7/85      AC: 12    Str: 19    XL:     9   Next: 7%
Magic:  9/9        EV:  3    Int:  8    God:    Nemelex Xobeh [*.....]
Gold:   298        SH:  9    Dex: 13    Spells: 0 memorised, 8 levels left

rFire  . . .     SeeInvis .     a - +0 flail
rCold  . . .     Gourm    .     s - +0 plate armour
rNeg   . . .     Faith    .     c - +0 shield
rPois  .         Spirit   .     (no helmet)
rElec  .         Dismiss  .     (no cloak)
rCorr  .         Reflect  .     (no gloves)
SustAt .         Harm     .     (no boots)
MR     +....                    u - amulet of magic regeneration
Stlth  ..........               (no ring)
                                (no ring)

@: somewhat resistant to hostile enchantments, extremely unstealthy
A: hooves 1, magic resistance 1
a: Renounce Religion


You were on level 6 of the Dungeon.
You worshipped Nemelex Xobeh.
Nemelex Xobeh was aware of your devotion.
You were not hungry.

You visited 2 branches of the dungeon, and saw 8 of its levels.

You collected 298 gold pieces.

Inventory:

Hand Weapons
 a - a +0 flail (weapon)
Missiles
 m - 7 javelins
 o - 124 stones (quivered)
Armour
 b - a +0 scale mail
 c - a +0 shield (worn)
 s - a +0 plate armour (worn)
Jewellery
 u - an amulet of magic regeneration (around neck)
Wands
 A - a wand of paralysis (17/24)
Scrolls
 e - a scroll of enchant armour {unknown}
 j - a scroll of identify
 l - a scroll of fear
 p - a scroll of noise {unknown}
 q - 3 scrolls of teleportation {unknown}
 w - 2 scrolls of random uselessness {unknown}
 y - a scroll of remove curse
Potions
 h - 2 potions of curing
 n - 2 potions of haste
 r - 2 potions of beneficial mutation {unknown}
 t - a potion of brilliance
 v - a potion of flight {unknown}
 z - a potion of agility {unknown}
Miscellaneous
 x - a plain deck of destruction {drawn: 8}
Comestibles
 f - 4 bread rations
 g - a fruit
 i - 3 meat rations
 k - 4 beef jerkies


   Skills:
 - Level 10.0 Fighting
 * Level 7.7 Maces & Flails
 + Level 6.0 Armour
 - Level 3.2 Shields


You had 8 spell levels left.
You didn't know any spells.

Dungeon Overview and Level Annotations

Branches:
Dungeon (7/15)             Temple (1/1) D:5

Altars:
Ashenzari
Cheibriados
Dithmenos
Gozag
Makhleb
Nemelex Xobeh
Okawaru
Pakellas
Sif Muna
Trog
Vehumet
Xom
Yredelemnul
Zin
The Shining One

Shops:
D:5 !*((

Annotations:
D:6 leafyfresh's ghost, novice DsWz
D:7 GoodGuyCap's ghost, novice FoFi


Innate Abilities, Weirdness & Mutations

You have large cloven feet.
You are resistant to hostile enchantments.


Message History

* * * LOW HITPOINT WARNING * * *
Found a stone staircase leading down.
Found a scroll labeled YNIXTO EQIOF.
The steam dragon breathes steam at you. The ball of steam hits you!
* * * LOW HITPOINT WARNING * * *
A hound skeleton comes into view.
There is a stone staircase leading down here.
You block the hound skeleton's attack.
You climb downwards.
GoodGuyCap's ghost (novice Formicid Fighter) comes into view.
GoodGuyCap's ghost turns its malevolent gaze towards you.
Found a plate armour and 7 gold pieces.
There is a stone staircase leading up here.
You climb upwards.
Level annotation: leafyfresh's ghost, novice DsWz The steam dragon breathes steam at you.
The ball of steam hits you!
You die...
Your body disappears without a glow.

..........# ..........#
# ..........# # #
..........# # #.
#######.#.# # #..
#.#.######## #...
#.#......D..
#....#######.#.########
#....'@§D..............
#..?.#Z#####.##########
#... #.. ...# #..
#.......# #. #........
# #........ #.........
##.....c..


You could see a steam dragon, a centaur (wandering) and a hound skeleton.

Vanquished Creatures
  The ghost of SuperBee the Magician, an amateur DEWz (D:3)
  A steam dragon (D:6)
  The ghost of sorlin the Cutter, an amateur HESu (D:4)
  An orc warrior (D:6)
  A sky beast (D:5)
  An ogre (D:4)
  3 centaurs
  2 scorpions
  4 crimson imps (D:3)
  2 giant frog skeletons
  A jelly (D:1)
  3 orc priests
  A hound (D:5)
  An orc wizard (D:4)
  An iguana (D:4)
  A killer bee zombie (D:5)
  10 adders
  9 gnolls
  6 oozes
  2 adder skeletons
  An adder zombie (D:5)
  4 worms
  6 giant geckos
  16 orcs
  16 giant cockroaches
  8 goblins
  6 hobgoblins
  11 jackals
  5 kobolds
  A quokka (D:4)
  6 bats
  7 giant newts
  A quokka zombie (D:5)
  9 rats
149 creatures vanquished.

Notes
Turn   | Place    | Note
--------------------------------------------------------------
     0 | D:1      | Grap the Hill Orc Fighter began the quest for the Orb.
     0 | D:1      | Reached XP level 1. HP: 19/19 MP: 1/1
     1 | D:1      | Found a runed door.
     3 | D:1      | Noticed a jelly
    31 | D:1      | Reached skill level 4 in Fighting
    64 | D:1      | Reached XP level 2. HP: 27/27 MP: 2/2
   399 | D:1      | Found a deep blue altar of Sif Muna.
   497 | D:1      | Reached skill level 5 in Fighting
   497 | D:1      | Reached XP level 3. HP: 33/36 MP: 3/3
   584 | D:1      | Reached XP level 4. HP: 20/44 MP: 4/4
   602 | D:1      | Reached skill level 6 in Fighting
  1154 | D:1      | Reached XP level 5. HP: 49/51 MP: 5/5
  1251 | D:2      | Reached skill level 7 in Fighting
  1595 | D:2      | Found a faded altar to an unknown god.
  2358 | D:3      | Found a shimmering altar of Xom.
  2383 | D:3      | Reached XP level 6. HP: 39/61 MP: 6/6
  2429 | D:3      | Reached skill level 8 in Fighting
  2570 | D:3      | Noticed SuperBee's ghost (amateur DEWz)
  2584 | D:3      | Killed SuperBee's ghost
  2584 | D:3      | Reached skill level 9 in Fighting
  2584 | D:3      | Reached XP level 7. HP: 60/70 MP: 7/7
  3184 | D:3      | Found a bloodstained altar of Trog.
  3247 | D:3      | Reached skill level 10 in Fighting
  3480 | D:4      | Noticed sorlin's ghost (amateur HESu)
  3488 | D:4      | Killed sorlin's ghost
  3671 | D:4      | Reached XP level 8. HP: 29/79 MP: 8/8
  4030 | D:4      | Found a shattered altar of Ashenzari.
  4103 | D:4      | Found a glowing silver altar of Zin.
  4648 | D:4      | Reached skill level 5 in Maces & Flails
  4828 | D:5      | Entered Level 5 of the Dungeon
  4844 | D:5      | Found a glowing golden altar of the Shining One.
  4870 | D:5      | Found an iron altar of Okawaru.
  4873 | D:5      | Found an opulent altar of Gozag.
  4895 | D:5      | Found a sparkling altar of Nemelex Xobeh.
  4912 | D:5      | Became a worshipper of Nemelex Xobeh the Trickster
  5019 | D:5      | Found Liyjuj's Weapon Boutique.
  5021 | D:5      | Received a gift from Nemelex Xobeh
  5033 | D:5      | Found a radiant altar of Vehumet.
  5086 | D:5      | Found an oddly glowing altar of Pakellas.
  5103 | D:5      | Reached skill level 5 in Armour
  5639 | D:5      | Found a staircase to the Ecumenical Temple.
  5662 | D:5      | Found Fykijugo's General Store.
  5688 | D:5      | Found Voniosh's Distillery.
  5713 | D:5      | Found Yghamuz's Antique Weapon Shoppe.
  5878 | Temple   | Entered the Ecumenical Temple
  5878 | Temple   | Reached * piety under Nemelex Xobeh
  6163 | D:5      | HP: 2/79 [sky beast (5)]
  6177 | Temple   | Gained mutation: You are resistant to hostile enchantments. [mutagenic meat]
  6178 | Temple   | Gained mutation: You have large cloven feet. [mutagenic meat]
  6582 | D:5      | Found a snail-covered altar of Cheibriados.
  7153 | D:6      | Noticed leafyfresh's ghost (novice DsWz)
  7162 | D:6      | Reached XP level 9. HP: 58/85 MP: 9/9
  7315 | D:7      | Noticed GoodGuyCap's ghost (novice FoFi)
  7317 | D:6      | Killed from afar by a steam dragon

Vault maps used:
D:1:      dpeg_arrival_caged_fury, kennysheep_flooded_box
D:2:      ecumenical_altar_1, first_bread
D:3:      marbit_many_paths, led_xom_imps
D:4:      ashenzari_conservatory_becter, nicolae_overflow_hidden_temple
D:5:      kennysheep_steamy, lemuel_coloured_pillars_altar, old_standard_altar,
          vehumet_crystals, grunt_gozag_breadcrumbs, slow_altar_1,
          grunt_temple_overflow_open, minmay_temple_entry_mist, serial_shops,
          shop, shop, nicolae_shop_temple_entry_statues_fountains, shop,
          minmay_misc_feat_doors, serial_bayou_ford_a
D:6:      grunt_temple_overflow_forces_of_nature, minmay_hedge_maze
D:7:      kennysheep_little_box, tgw_sif, serial_shops, shop_fountains,
          uniq_pikel
Temple:   circular_temple_6

Action                   |  1- 3 |  4- 6 |  7- 9 || total
-------------------------+-------+-------+-------++-------
Melee: Flail             |   100 |   221 |   345 ||   666
       Staff             |       |       |     1 ||     1
Evoke: Deck              |       |       |     8 ||     8
  Use: Potion            |       |     1 |     3 ||     4
       Scroll            |       |       |     6 ||     6
  Eat: Chunk             |       |     6 |    10 ||    16
       Meat ration       |       |       |     1 ||     1
       Fruit             |       |       |     1 ||     1
       Pizza             |       |       |     1 ||     1
